 Dungeon Crawl Stone Soup version 0.28-a0-1518-gbe868bca14 (webtiles) character file.

Game seed: 18231713595152771167

20 hashsling the Shooter (level 2, -2/23 HPs)
             Began as a Barachi Hunter on Jan 16, 2022.
             Slain by an adder (3 damage)
             ... on level 2 of the Dungeon.
             The game lasted 00:04:22 (825 turns).

hashsling the Shooter (Barachi Hunter)               Turns: 825, Time: 00:04:23

Health: -2/23      AC:  3    Str: 13    XL:     2   Next: 79%
Magic:  2/2        EV: 12    Int: 11    God:
Gold:   0          SH:  0    Dex: 12    Spells: 1/1 levels left

rFire   . . .      SeeInvis .   b - +0 great sword
rCold   . . .      Faith    .   (shield currently unavailable)
rNeg    . . .      Spirit   .   c - +0 leather armour
rPois   .          Reflect  .   (no helmet)
rElec   .          Harm     .   (no cloak)
rCorr   .          Rampage  .   (no gloves)
Will    .....                   (no boots)
Stlth   +.........              (no amulet)
HPRegen 0.07/turn               (no ring)
MPRegen 0.08/turn               (no ring)

@: lethally poisoned (-2 -> -6), unable to hop, slow
A: amphibious, slowness 1, strong legs 1, +LOS
a: Hop


You were on level 2 of the Dungeon.
You visited 1 branch of the dungeon, and saw 2 of its levels.

Inventory:

Hand Weapons
 a - a +1 shortbow
 b - a +0 great sword (weapon)
Missiles
 d - 13 arrows
Armour
 c - a +0 leather armour (worn)
Scrolls
 e - 2 scrolls of identify {unknown}
 f - a scroll of amnesia {unknown}
 i - a scroll of immolation {unknown}
 j - a scroll of teleportation {unknown}
Potions
 g - a potion of mutation {unknown}
 h - a potion of haste {unknown}


   Skills:
 + Level 2.8 Fighting
 + Level 0.4 Long Blades
 * Level 4.3 Bows
 + Level 2.5 Dodging
 - Level 1.0 Stealth


You had one spell level left.
You didn't know any spells.
Your spell library contained the following spells:

 Spells                   Type           Power      Damage    Failure   Level
 Sandblast                Erth           0%         2d4       41%         1
 Passwall                 Tmut/Erth      0%         N/A       56%         2
 Stone Arrow              Conj/Erth      0%         3d7       80%         3


Dungeon Overview and Level Annotations

Branches:
Dungeon (2/15)

Altars:


Innate Abilities, Weirdness & Mutations

You are amphibious.
You cover ground slowly.
You can hop short distances.
You have an extended range of vision and can be seen from far away.


Message History

The hobgoblin shouts!
The hobgoblin closely misses you.
You slash the hobgoblin!
You kill the hobgoblin!
The adder closely misses you.
You see here a hobgoblin corpse.
Hop to where?
Press: ? - help, Dir - move target Boing!
You barely miss the adder. The adder bites you. x2
You are poisoned.
The adder poisons you! The adder closely misses you.
You completely miss the adder.
You feel very sick. The adder bites you but does no damage.
The adder barely misses you.
You barely miss the adder.
You feel sick. The hobgoblin misses you. The adder barely misses you.
The hobgoblin barely misses you. The adder barely misses you.
You closely miss the adder.
You feel sick. The adder bites you but does no damage.
The hobgoblin barely misses you. The adder closely misses you.
The hobgoblin hits you but does no damage.
You miss the adder.
You feel sick.
You are no longer poisoned.
The adder closely misses you. The hobgoblin hits you.
The adder barely misses you.
You miss the adder. The adder bites you.
* * * LOW HITPOINT WARNING * * *
You are lethally poisoned!
The adder poisons you! The hobgoblin closely misses you.
The adder barely misses you. The hobgoblin barely misses you.
The adder misses you.
You hit the adder but do no damage.
* * * LOW HITPOINT WARNING * * *
You feel very sick.
The hobgoblin hits you but does no damage.
The adder bites you.
* * * LOW HITPOINT WARNING * * *
The hobgoblin closely misses you. The adder bites you.
You die...

#...........
#........#.# #
#........#.##.#
#............
#........#.####
#.....†........
#..?..(....#.#.
#........S.#
#........g@#
##.........#
#.####.##.# #<#
#.#..# ###
#.#... .#####
..


You could see an adder and a hobgoblin.

Vanquished Creatures
  A dart slug (D:2)
  3 ball pythons (D:1)
  2 endoplasms (D:1)
  A giant cockroach (D:1)
  A goblin (D:1)
  A hobgoblin (D:2)
  3 kobolds (D:1)
  2 bats (D:1)
  2 frilled lizards (D:1)
  A rat (D:1)
17 creatures vanquished.

Notes
Turn   | Place    | Note
-------+----------+-------------------------------------------
     0 | D:1      | hashsling the Barachi Hunter began the quest for the Orb.
     0 | D:1      | Reached XP level 1. HP: 17/17 MP: 1/1
    18 | D:1      | Reached skill level 1 in Stealth
   252 | D:1      | Reached XP level 2. HP: 23/23 MP: 2/2
   736 | D:1      | Found a faded altar of an unknown god.
   825 | D:2      | HP: 1/23 [adder (1)]
   825 | D:2      | Slain by an adder

Illustrated notes

Levels and vault maps discovered:
D:1:      erik_arrival_blinker_ship, layout_rooms,
          shapermc_ecumenical_altar_mp_vishouse, corexii_item_surrounded_by_moat
D:2:      layout_basic, serial_shops, nicolae_shop_hallway_plus,
          serial_corexii_hall, corexii_hall_statues_l, corexii_hall_statues_l,
          chequers_hall_statues_corner_a, chequers_hall_statues_corner_a,
          uniq_natasha

Skill      XL: |  1 |
---------------+----+-----
Stealth        | 1 |  1.0
Fighting       | |  2.8
Long Blades    | |  0.4
Bows           | |  4.3
Dodging        | |  2.5

Action                   || total
-------------------------++-------
Melee: Short sword       ||     6
       Great sword       ||    31
 Fire: Shortbow          ||    27
 Abil: Hop               ||     2
Armor: Leather armour    ||    16
Dodge: Dodged            ||    52

Table legend: (Time is in decaauts)
 A = Elapsed time spent in this place.
 B = Non-inter-level travel time spent in this place.
 C = Inter-level travel time spent in this place.
 D = Time resting spent in this place.
 E = Time spent auto-exploring this place.
 F = Levels seen in this place.
 G = Mean time per level.
                   A        B        C        D        E       F      G
               +--------+--------+--------+--------+--------+-----+--------+
         Total |    920 |    885 |     35 |      0 |    719 |   2 |  460.0 |
       Dungeon |    920 |    885 |     35 |      0 |    719 |   2 |  460.0 |
               +--------+--------+--------+--------+--------+-----+--------+

Top non-repeatable levels by time:
     D:1: 891 daAuts
     D:2: 29 daAuts
